 Dungeon Sprint DCSS version 0.21.1-1-g345015f (webtiles) character file.

1300000 Fang the Executioner (level 12, -29/115 HPs)
             Began as a Minotaur Gladiator on May 8, 2018.
             Was a Follower of Makhleb.
             Annihilated by a meat berserker
             ... wielding a +9 battleaxe
              (77 damage)
             ... in the Dungeon (Sprint VIII: "Arena of Blood").
             The game lasted 00:00:11 (13 turns).

Fang the Executioner (Minotaur Gladiator)             Turns: 13, Time: 00:00:12

Health: -29/115    AC:  3    Str: 23    XL:     12   Next: 96%
Magic:  11/11      EV: 25    Int:  5    God:    Makhleb [*.....]
Gold:   0          SH:  0    Dex: 13    Spells: 11/11 levels left

rFire    . . .     SeeInvis .   l - +∞ Axe of Woe
rCold    . . .     Gourm    .   (shield currently unavailable)
rNeg     . . .     Faith    .   b - +0 leather armour
rPois    .         Spirit   .   c - +0 hat
rElec    .         Reflect  .   (no cloak)
rCorr    .         Harm     .   (no gloves)
MR       .....     NoTele   +   (no boots)
Stlth    +.........             (no amulet)
HPRegen  0.29/turn              (no ring)
MPRegen  0.12/turn              (no ring)

@: no status effects
A: retaliatory headbutt, horns 2
a: Renounce Religion


You were in the Dungeon.
You worshipped Makhleb.
Makhleb was aware of your devotion.
You were not hungry.

You visited 1 branch

Inventory:

Hand Weapons
 a - a +0 war axe
 l - the +∞ Axe of Woe (weapon)
   (You found it in the Dungeon)
Missiles
 d - 3 throwing nets (quivered)
Armour
 b - a +0 leather armour (worn)
 c - a +0 hat (worn)
Scrolls
 k - a scroll of blinking
Potions
 e - a potion of curing
 g - a potion of heal wounds
 h - a potion of haste
 i - 2 potions of magic
 j - a potion of berserk rage
Comestibles
 f - a ration


   Skills:
 + Level 13.4 Fighting
 + Level 23.6 Axes
 + Level 11.4 Throwing
 + Level 1.8 Armour
 + Level 21.5 Dodging


You had 11 spell levels left.
You didn't know any spells.

Dungeon Overview and Level Annotations

Branches:
Dungeon (1/1)

Altars:
Makhleb


Innate Abilities, Weirdness & Mutations

You reflexively headbutt those who attack you in melee.
You have a pair of horns on your head.


Message History

You hear a shout! x11; You hear two shouts!
Unknown command. 2 orcs and a two-headed ogre come into view.
The bag of meat shouts! x2; The large bag of meat shouts in stereo!
You hear a shout! x6
The bag of meat hits you with a +9 war axe!!
A bag of meat comes into view. It is wielding a +9 war axe.
Unknown command.
You are too injured to fight recklessly!
Unknown command.
You are too injured to fight recklessly!
Unknown command.
You are too injured to fight recklessly!
Unknown command.
You are too injured to fight recklessly!
Unknown command.
You hear a shout! x10
The meat berserker hits you with a +9 battleaxe!!!!
Ouch! That really hurt!
You die...

.........###......
.#........_........
.......#.)...# ....
.......#_.<._#.....
.......#.....#.....
#....)..._........
.........###......
....###.......###.
... #....@..# .
#...ooO.#
........o.o....
....o....o....o#
...............#.
...o.....O...##..
...#oo......#O .
...........#o.


You could see a large bag of meat (inner flame), 2 meat berserkers and 11 bags
of meat.

Vanquished Creatures
  2 orcs (D)
2 creatures vanquished.

Notes
Turn   | Place    | Note
-------+----------+-------------------------------------------
     0 | D        | Found the +∞ Axe of Woe
     0 | D        | Fang the Minotaur Gladiator began the quest for the Orb.
     0 | D        | Reached XP level 1. HP: 18/18 MP: 0/0
     3 | D        | Noticed a bag of meat
     4 | D        | Became a worshipper of Makhleb the Destroyer
     5 | D        | Noticed a bag of meat
     6 | D        | Killed a bag of meat
     6 | D        | Reached skill level 20 in Axes
     6 | D        | Reached XP level 2. HP: 40/40 MP: 1/1
     6 | D        | Reached XP level 3. HP: 47/47 MP: 2/2
     6 | D        | Reached XP level 4. HP: 55/55 MP: 3/3
     6 | D        | Reached XP level 5. HP: 61/61 MP: 4/4
     6 | D        | Reached XP level 6. HP: 68/68 MP: 5/5
     6 | D        | Reached XP level 7. HP: 74/74 MP: 6/6
     6 | D        | Reached XP level 8. HP: 82/82 MP: 7/7
     6 | D        | Reached XP level 9. HP: 89/89 MP: 8/8
     6 | D        | Reached XP level 10. HP: 96/96 MP: 9/9
     6 | D        | Reached XP level 11. HP: 103/103 MP: 10/10
     7 | D        | Noticed a bag of meat
     9 | D        | Noticed a bag of meat
     9 | D        | Killed a bag of meat
     9 | D        | Reached * piety under Makhleb
     9 | D        | Reached skill level 23 in Axes
     9 | D        | Reached skill level 1 in Armour
     9 | D        | Reached XP level 12. HP: 78/115 MP: 11/11
    10 | D        | Noticed a bag of meat
    10 | D        | Noticed a bag of meat
    11 | D        | Noticed a bag of meat
    11 | D        | Noticed a bag of meat
    11 | D        | Noticed a bag of meat
    11 | D        | Noticed a meat berserker
    12 | D        | Noticed a bag of meat
    12 | D        | Noticed a bag of meat
    12 | D        | Noticed a large bag of meat
    13 | D        | Noticed a bag of meat
    13 | D        | Annihilated by a meat berserker

Skill      XL: |  1  2  3  4  5  6  7  8  9 10 11 |
---------------+----------------------------------+-----
Fighting       | 11 13 | 13.4
Axes           | 20 23 | 23.6
Throwing       | 9 11 | 11.4
Dodging        | 19 21 | 21.5
Armour         | 1 |  1.8

Action                   |  1- 3 |  4- 6 |  7- 9 | 10-12 || total
-------------------------+-------+-------+-------+-------++-------
Melee: Executioner's axe |     1 |       |       |     1 ||     2
